AoeStats
← Ndrangheta

Golden Pit

509538015Analyzed
1v1 RM · 6d ago on Sep 27, 2026· 29m 10s· 2 players
Game mode
Random Map
Map size
Tiny (2 player)
Population
200
Speed
Normal
Resources
Standard
Victory
Conquest
Starting age
Dark Age
Ending age
Imperial Age
RankedLock teamsTeams togetherTeam positionsShared explorationLock speedFull tech treeHidden civsTurbo modeCheats
Victory
Defeat
🇦🇷 Wei · Argentina
1454
+16
🇵🇪 Mongols · Peru
1464
-16
Ndrangheta
7:17 Loom
9:27 Feudal Age
9:59 Double-Bit Axe
13:17 Town Watch
22:45 Castle Age
22:01 Scale Barding Armor
23:12 Bloodlines
24:13 Husbandry
26:03 Forging
29:03 Stone Mining
29:26 Fletching
Caramandunga robada
0:26 Loom
8:31 Feudal Age
13:51 Double-Bit Axe
15:26 Fletching
17:01 Horse Collar
18:02 Padded Archer Armor
23:43 Castle Age
24:15 Bloodlines
25:46 Gold Mining
26:06 Husbandry
26:22 Bow Saw
26:51 Heavy Plow
28:10 Forging
28:14 Scale Barding Armor
Connection lost

Rejoining the realm…

Still unreachable

The connection could not be restored.

Session expired

The server has moved on; the page needs a fresh start.